Get step-by-step instructions on how to execute this build order below. Start the game timer, and the build order will tick by so you can play in parallel with StarCraft on a second screen or mobile device.

Game Time

  0:00

Last Step

  N/A

Next Step

Upcoming Step



Don't want to look back and forth between 2 screens? Try out our Overwolf App, the Spawning Tool Build Advisor to get an in-game overlay with this build!

Complete Build Order

  12  0:01  Probe  
  13  0:13  Probe  
  14  0:19  Pylon  
  14  0:25  Probe  
  15  0:37  Probe  
  16  0:43  Gateway  
  16  0:47  Probe  
  17  0:52  Assimilator  
  17  0:55  Probe  
  17  1:04  Probe  
  19  1:14  Pylon  
  19  1:16  Probe  
  20  1:35  Cybernetics Core  
  20  1:48  Nexus  
  20  1:57  Assimilator  
  20  2:15  Twilight Council  
  20  2:16  Warp Gate  
  20  2:20  Probe  
  20  2:28  Probe  
  21  2:32  Stalker  
  24  2:42  Shield Battery  
  23  2:54  Charge  
  23  2:59  Pylon  
  23  3:00  Probe  
  23  3:01  Probe  
  25  3:10  Probe  
  25  3:11  Probe  
  26  3:18  Probe  
  26  3:19  Probe  
  27  3:26  Probe  
  29  3:28  Probe  
  29  3:29  Robotics Facility  
  31  3:39  Probe  
  31  3:40  Probe  
  33  3:51  Gateway, Probe  
  33  3:52  Probe  
  33  3:55  Gateway  
  35  4:05  Gateway  
  35  4:10  Probe  
  35  4:11  Probe  
  37  4:19  Warp Prism  
  37  4:22  Probe  
  37  4:23  Probe  
  41  4:26  Gateway  
  41  4:32  Gateway  
  41  4:36  Pylon  
  41  4:42  Gateway  
  41  4:48  Gateway  
  41  4:54  Gateway  
  41  5:00  Pylon  
  41  5:06  Pylon  
  41  5:08  Pylon  
  41  5:10  Pylon  
  41  5:17  Assimilator  
  41  5:22  Assimilator, Stalker x2  
  45  5:44  Pylon  
  45  5:54  Zealot x5  
  45  5:55  Zealot x3  
  61  5:59  Zealot  
  63  6:18  Zealot x5  
  69  6:19  Zealot  
  75  6:28  Zealot x2  
  75  6:30  Zealot  
  77  6:50  Zealot x2  
  77  6:51  Zealot x4